cohdb
Replays
Latest Replays
All Replays
Popular Replays
Top Player Replays
Match Explorer
How It Works
Community
CoH3 Stats
Reddit
Sign in to upload your games and track your stats! →
Sign in with Steam
Match 28451157
Unlisted
Match 28451157
Overview
Messages
Build Orders
End
Panzergrenadier Squad
Panzergrenadier Squad
Panzergrenadier Squad
Construct Light Support Kompanie
2.5-tonne Medical Truck
Fire Support Elements
Flakvierling Half-track
le.IG 18 Mechanized Group
Selects Armored Support Battlegroup
Selects Superior Fire Drills
Construct Mechanized Kompanie
Pak 38 Anti-tank Gun Team
Selects Salvage Kits
Selects Panzer Storm
Marder III Tank Destroyer
Combat Half-tracks
Vehicle Survival Package
Construct Panzerarmee Kommand
2.5-tonne Medical Truck
Selects Flammpanzer III Medium Tank Sd.Kfz. 141
Armored Reserves
Panzerjäger Squad
Flakvierling Half-track
Panzer IV Assault Group
Wrathment
HULUANDBUTTSTUFF175
0
0
Comments
sign in to comment!
No comments posted yet!